 Dungeon Crawl Stone Soup version 0.15-a0-895-g19c7863 (console) character file.

5146 MottledDragon the Grappler (level 10, -6/132 HPs)
             Began as a Troll Monk on May 19, 2014.
             Was a Priest of the Shining One.
             Mangled by a four-headed hydra (9 damage)
             ... on Level 1 of the Lair of Beasts.
             The game lasted 00:18:09 (2872 turns).

MottledDragon the Grappler (Troll Monk)             Turns: 2872, Time: 00:18:09

HP  -6/132       AC 29     Str 21      XL: 10   Next: 33%
MP  13/13        EV  1     Int  6      God: the Shining One [***...]
Gold 181         SH  0     Dex 15      Spells:  0 memorised,  9 levels left

rFire  . . .     SeeInvis .       - Unarmed
rCold  . . .     Clarity  .     e - melded +2 robe
rNeg   + + +     Conserve .     (shield restricted)
rPois  +         rCorr    .     (helmet restricted)
rElec  .         rRot     .     (cloak currently unavailable)
SustAb .         Spirit   .     (gloves unavailable)
rMut   .         Warding  .     (boots unavailable)
Gourm  +         NoTele   +     (no amulet)
MR     .....                    E - +4 ring of protection
                                d - ring of positive energy

@: tree-form, glowing, not resistant to hostile enchantments, very unstealthy
A: unfitting armour, (claws 0), fast metabolism 3, gourmand, regeneration 2,
saprovore 2, (shaggy fur 0), (tough skin 0)
a: Divine Shield, Renounce Religion


You were on level 1 of the Lair of Beasts.
You worshipped the Shining One.
The Shining One was most pleased with you.
You were completely stuffed.
You were an animated tree.
You visited 3 branches of the dungeon, and saw 12 of its levels.

You collected 181 gold pieces.

Inventory:

Hand weapons
 F - a +0,+0 whip of electrocution
Missiles
 C - a javelin (quivered)
Armour
 e - a +2 robe (melded)
Magical devices
 n - a wand of confusion (3)
 v - a wand of lightning (4)
 x - a wand of paralysis (18)
 A - a wand of fire (9)
 B - a wand of paralysis (3)
Comestibles
 b - 3 meat rations
 g - 3 bread rations
 k - 2 apples
 u - 2 chokos
 D - a chunk of porcupine flesh
Scrolls
 c - 2 scrolls of remove curse
 f - a scroll of immolation {unknown}
 h - a scroll of recharging {unknown}
 i - 2 scrolls of noise {unknown}
 m - a scroll of enchant weapon II {unknown}
 o - a scroll of random uselessness {unknown}
 p - 3 scrolls of amnesia {unknown}
 w - 2 scrolls of magic mapping
 y - 2 scrolls of teleportation
 H - a scroll of enchant weapon I {unknown}
Jewellery
 d - a ring of positive energy (left branch)
 l - a +4 ring of intelligence
 E - a +4 ring of protection (right branch)
 G - an uncursed ring of sustain abilities
Potions
 q - a potion of restore abilities {unknown}
 r - 4 potions of curing {unknown}
 s - 2 potions of agility {unknown}
 z - 2 potions of heal wounds {unknown}


   Skills:
 - Level 2.4 Fighting
 - Level 5.1 Throwing
 - Level 3.2 Armour
 - Level 7.0 Dodging
 - Level 1.1 Stealth
 + Level 9.6 Unarmed Combat
 * Level 5.6 Evocations


You had 9 spell levels left.
You didn't know any spells.

Dungeon Overview and Level Annotations

Branches:
Dungeon (10/15)            Temple (1/1) D:5            Lair (1/8) D:9
    Orc: D:9-12

Altars:
Qazlal
The Shining One
Jiyva

Annotations:
D:10 Harold


Innate Abilities, Weirdness & Mutations

You are too large for most types of armour.
((You have claws for hands.))*
Your metabolism is lightning-fast.
You like to eat raw meat.
You heal very quickly.
You can eat rotten meat.
((You are covered in fur (AC +1).))*
((You have very tough skin (AC +2).))*


Message History

Okay, then.
Unknown command.
Drink which item? (? for menu, Esc to quit)
Okay, then.
Unknown command.
Drink which item? (? for menu, Esc to quit)
You turn into an animated tree.
Your +2 robe melds into your body.
Your roots penetrate the ground.
The four-headed hydra bites you but does no damage.
The four-headed hydra bites you!
* * * LOW HITPOINT WARNING * * *
The four-headed hydra bites you but does no damage. x2
Throwing (i - inventory):
C - 2 javelins (quivered)
Press: ? - help, Shift-Dir - straight line, f/p - four-headed hydra
Aim: a four-headed hydra (heavily wounded, haloed)
You throw a javelin.
The javelin barely misses the four-headed hydra.
The four-headed hydra bites you but does no damage.
The four-headed hydra bites you!
You die...

*,,,......≈≈≈≈.PP≈♣....
*.........P≈≈≈.≈≈P≈....
#.........♣≈P≈.≈≈≈≈....
##.........♣PP≈.≈≈PP.... ***
#P.........♣≈≈≈.≈≈♣.....
*,******###.........#≈P≈.P♣......
,,,,,,,,..............≈≈.♣.......
,,,, ,,..........................
,,,, ,,.(..(...D♣................
,,,,,, ..........................
,,,,,,,..........................
,, ,,..........................
,, ,,, ................[.........
,,,, ,,,.........................
,,,,,,,,.........................
,,,,,,,,.........................
***,*,*,*#.####.#############.##.


You could see a four-headed hydra.

Vanquished Creatures
  Erolcha (D:9)
  Pikel (D:9)
  A black mamba (Lair:1)
  2 gargoyles (D:9)
  A spiny frog (Lair:1)
  A troll (D:9)
  A basilisk (Lair:1)
  The ghost of TAS2012 the Cudgeler, an average DsCK of Xom (D:3)
  2 hippogriffs
  Edmund (D:4)
  A porcupine (Lair:1)
  A phantom (D:5)
  An ice beast (D:5)
  A sky beast (D:5)
  2 ogres
  An orc warrior (D:6)
  A black bear (D:6)
  A centaur (D:6)
  A crocodile (D:7)
  A big kobold (D:8)
  2 giant frogs (D:6)
  4 scorpions
  An electric eel (Lair:1)
  A crimson imp (D:9)
  4 hounds
  An iguana (D:9)
  3 orc priests
  5 jellies
  An orc wizard (D:7)
  2 worker ants
  Ijyb (D:4)
  A big kobold zombie (D:8)
  2 worker ant zombies
  5 gnolls (D:4)
  3 adders
  An inept item mimic (D:3)
  2 shadow imps
  An orc skeleton (D:4)
  2 worms
  2 adder zombies
  An adder skeleton (D:6)
  3 giant geckos
  2 oozes (D:8)
  16 orcs
  A giant cockroach (D:6)
  11 goblins
  6 hobgoblins
  5 jackals (D:4)
  6 bats
  A hobgoblin zombie (D:5)
  11 kobolds
  2 quokkas
  4 rats
  2 ballistomycetes (D:6)
138 creatures vanquished.

Vanquished Creatures (others)
  A shadow imp (D:9)
  A giant spore (D:6)
2 creatures vanquished.

Grand Total: 140 creatures vanquished

Notes
Turn   | Place    | Note
--------------------------------------------------------------
     0 | D:1      | MottledDragon, the Troll Monk, began the quest for the Orb.
     0 | D:1      | Reached XP level 1. HP: 22/22 MP: 1/1
   104 | D:3      | Reached XP level 2. HP: 29/29 MP: 1/1
   111 | D:3      | Noticed an ogre
   116 | D:3      | Killed an ogre
   116 | D:3      | Reached XP level 3. HP: 24/36 MP: 2/2
   116 | D:3      | Reached XP level 4. HP: 29/44 MP: 2/2
   122 | D:3      | Found a glowing golden altar of the Shining One.
   150 | D:3      | Became a worshipper of the Shining One
   150 | D:3      | Acquired the Shining One's first power
   150 | D:3      | Acquired the Shining One's second power
   209 | D:4      | Noticed Edmund
   223 | D:4      | Killed Edmund
   223 | D:4      | Reached XP level 5. HP: 23/50 MP: 2/2
   298 | D:3      | Noticed TAS2012's ghost (average DsCK)
   319 | D:3      | Reached XP level 6. HP: 37/59 MP: 3/3
   324 | D:3      | Killed TAS2012's ghost
   324 | D:3      | Reached skill level 5 in Unarmed Combat
   431 | D:5      | Entered Level 5 of the Dungeon
   517 | D:4      | Noticed Ijyb
   527 | D:4      | Killed Ijyb
   749 | D:5      | Reached XP level 7. HP: 62/66 MP: 3/3
   752 | D:5      | Reached skill level 1 in Throwing
   764 | D:6      | Reached skill level 5 in Dodging
   880 | D:5      | Found a staircase to the Ecumenical Temple.
   981 | D:5      | HP: 2/66 [orc warrior/scimitar (16)]
  1199 | D:5      | Reached skill level 6 in Unarmed Combat
  1300 | D:6      | Reached XP level 8. HP: 74/74 MP: 3/3
  1525 | D:6      | Reached skill level 7 in Unarmed Combat
  1533 | D:6      | HP: 2/74 [centaur/arrow (4)]
  1643 | Temple   | Entered the Ecumenical Temple
  1684 | D:6      | Reached skill level 5 in Throwing
  1920 | D:7      | Found a stormy altar of Qazlal.
  2131 | D:8      | Found a viscous altar of Jiyva.
  2138 | D:8      | Reached XP level 9. HP: 69/80 MP: 4/4
  2174 | D:8      | Reached skill level 8 in Unarmed Combat
  2213 | D:9      | Noticed Pikel
  2225 | D:9      | Killed Pikel
  2271 | D:9      | Noticed Erolcha
  2289 | D:9      | Killed Erolcha
  2325 | D:9      | Noticed a gargoyle
  2333 | D:9      | Killed a gargoyle
  2333 | D:9      | Reached skill level 9 in Unarmed Combat
  2463 | D:10     | Entered Level 10 of the Dungeon
  2514 | D:10     | Noticed Harold
  2529 | D:10     | ZUOS
  2554 | D:9      | Noticed a gargoyle
  2561 | D:9      | Killed a gargoyle
  2561 | D:9      | Reached XP level 10. HP: 19/88 MP: 11/11
  2575 | D:9      | Found a staircase to the Lair.
  2625 | Lair:1   | Entered Level 1 of the Lair of Beasts
  2635 | Lair:1   | Noticed a black mamba
  2640 | Lair:1   | Killed a black mamba
  2680 | Lair:1   | Reached skill level 5 in Evocations
  2857 | Lair:1   | Noticed a four-headed hydra
  2871 | Lair:1   | HP: 2/132 [four-headed hydra (10)]
  2872 | Lair:1   | Mangled by a four-headed hydra

Action                   |  1- 3 |  4- 6 |  7- 9 | 10-12 || total
-------------------------+-------+-------+-------+-------++-------
Melee: Unarmed           |    17 |    90 |   243 |    21 ||   371
Throw: Large rock        |       |     6 |    24 |     6 ||    36
       Javelin           |       |       |     6 |     7 ||    13
Invok: Divine Shield     |       |       |     1 |       ||     1
Evoke: Wand              |       |       |     9 |     5 ||    14
  Use: Scroll            |       |       |       |     6 ||     6
       Potion            |       |       |       |     1 ||     1
